 Dungeon Crawl Stone Soup version 0.29-a0-392-g297d3b089c (webtiles) character file.

Game seed: 548740383544420018

963 dolemite99 the Spear-Bearer (level 8, -2/58 HPs)
             Began as a Merfolk Chaos Knight on May 9, 2022.
             Was a Plaything of Xom.
             Killed by divine providence
             ... invoked by an orc priest
              (10 damage)
             ... on level 5 of the Dungeon.
             The game lasted 00:06:41 (5503 turns).

dolemite99 the Spear-Bearer (Merfolk Chaos Knight)  Turns: 5503, Time: 00:06:41

Health: -2/58      AC:  7    Str: 15      XL:     8   Next: 15%
Magic:  8/8        EV: 14    Int:  4 (7)  God:    Xom [..*...]
Gold:   1247       SH:  0    Dex: 11 (13) Spells: 7/7 levels left

rFire   . . .      SeeInvis .   g - +2 spear (flame)
rCold   . . .      Faith    .   (no shield)
rNeg    . . .      Spirit   .   b - +2 leather armour
rPois   .          Reflect  .   (no helmet)
rElec   .          Harm     .   l - +1 cloak
rCorr   .          Rampage  .   (no gloves)
Will    .....                   (no boots)
Stlth   +.........              (no amulet)
HPRegen 0.19/turn               (no ring)
MPRegen 0.11/turn               (no ring)

@: radiating poison
A: (nimble swimmer 2), mertail, dopey 2
a: Renounce Religion


You were on level 5 of the Dungeon.
You worshipped Xom.
You were a toy of Xom.
You visited 1 branch of the dungeon, and saw 5 of its levels.

You collected 1247 gold pieces.

Inventory:

Hand Weapons
 a - a +1 spear of chaos
 g - a +2 spear of flaming (weapon)
 k - a +0 hunting sling
Missiles
 i - 156 stones (quivered)
Armour
 b - a +2 leather armour (worn)
 d - a +0 ring mail
 l - a +1 cloak (worn)
Magical Staves
 p - a staff of cold
Wands
 n - a wand of mindburst (9)
Scrolls
 e - a scroll of poison
 o - 3 scrolls of teleportation
Miscellaneous
 c - a piece from Xom's chessboard (15/15)


   Skills:
 - Level 3.2 Fighting
 * Level 10.5 Polearms
 - Level 0.6 Armour
 + Level 7.3 Dodging


You had 7 spell levels left.
You didn't know any spells.
Your spell library contained the following spells:

 Spells                   Type           Power      Damage    Failure   Level
 Apportation              Tloc           0%         N/A       56%         1
 Summon Small Mammal      Summ           0%         N/A       56%         1
 Call Canine Familiar     Summ           0%         N/A       91%         3
 Gell's Gravitas          Tloc           0%         N/A       91%         3
 Lesser Beckoning         Tloc           0%         N/A       91%         3
 Summon Guardian Golem    Hex/Summ       0%         N/A       91%         3
 Teleport Other           Tloc           0%         N/A       91%         3
 Alistair's Intoxication  Tmut/Pois      0%         N/A       100%        5


Dungeon Overview and Level Annotations

Branches:
Dungeon (5/15)             Temple (0/1) D:4

Altars:
Okawaru


Innate Abilities, Weirdness & Mutations

((You are very nimble when in or above water. (Stealth+, EV+, Speed+++)))
Your lower body shifts to a powerful aquatic tail in water.
You are very dopey. (Int -4)


Message History

The orc hits you with a +0 hand axe.
You see here a poisoned dart.
Something hits you.
* * * LOW HITPOINT WARNING * * *
The orc attacks as you move away! The orc misses you.
The ice beast attacks as you move away!
The ice beast barely misses you. "See what I see, my child!"
You feel aware of your surroundings.
You hit the ice beast.
You melt the ice beast.
The ice beast is lightly wounded.
You hit the ice beast but do no damage.
The ice beast is lightly wounded.
The ice beast closely misses you.
You hit the ice beast.
You melt the ice beast.
Your punch misses the ice beast.
The ice beast is moderately wounded.
The ice beast closely misses you.
The orc priest calls down the wrath of Beogh upon you.
Beogh smites you!
* * * LOW HITPOINT WARNING * * *
You hit the ice beast.
You melt the ice beast.
The ice beast is severely wounded.
You hit the ice beast.
You melt the ice beast.
The ice beast is severely wounded.
The ice beast barely misses you.
You hit the ice beast.
You melt the ice beast.
The ice beast is almost dead.
You closely miss the ice beast.
The ice beast is almost dead.
Xom plays with reality for a moment.
You begin to radiate toxic energy.
The orc priest is poisoned.
The orc is poisoned. x2; The ice beast misses you.
You hit the ice beast but do no damage.
The ice beast is almost dead.
The orc looks even sicker.
You hit the ice beast but do no damage.
The ice beast is almost dead.
The ice beast hits you but does no damage.
The orc priest calls down the wrath of Beogh upon you.
Beogh smites you!
You die...

##.# #)# , ...#
##.######## ##.#
#.......... , #.#
######(########.*
##.#
#....>((..).....
.#.#
#.....{oo...#..,
...#
#..####o###.#, *
.### #. #Y# ..**
, .#### # , #@#
*, *#*, ....# ,,
#........ , *
....# * ,
#...##### ,**
....#####*,,
#..## .........,
* #..# *
....##### #..# *
....# #..# ....#
#..# *, .#### #.#


You could see an ice beast, an orc priest (poisoned) and 2 orcs.

Vanquished Creatures
  Sigmund (D:3)
  2 water moccasins
  An ice beast (D:5)
  2 scorpions (D:4)
  3 hounds
  Jessica (D:3)
  An orc wizard (D:4)
  Ijyb (D:3)
  An iguana (D:4)
  8 adders
  A dart slug (D:1)
  12 orcs
  6 ball pythons
  5 endoplasms
  6 giant cockroaches
  6 goblins
  11 hobgoblins
  12 jackals
  8 kobolds
  3 quokkas
  5 bats
  5 frilled lizards
  9 rats
110 creatures vanquished.

Vanquished Creatures (others)
  An endoplasm (D:4)
1 creature vanquished.

Grand Total: 111 creatures vanquished

Notes
Turn   | Place    | Note
-------+----------+-------------------------------------------
     0 | D:1      | dolemite99 the Merfolk Chaos Knight began the quest for the
                  | Orb.
     0 | D:1      | Reached XP level 1. HP: 18/18 MP: 1/1
    56 | D:1      | XOM: silly message
   129 | D:1      | XOM: divination: detect creatures
   174 | D:1      | Reached XP level 2. HP: 24/24 MP: 2/2
   506 | D:1      | XOM: cloud trail
   585 | D:1      | Reached skill level 5 in Polearms
   670 | D:1      | XOM: divination: detect items
   676 | D:1      | Reached XP level 3. HP: 24/29 MP: 3/3
   878 | D:1      | XOM: cloud trail
  1141 | D:2      | Identified a scroll of acquirement
  1142 | D:2      | Acquired a +2 spear of flaming
  1151 | D:2      | XOM: cloud trail
  1244 | D:2      | Noticed a shining eye
  1248 | D:2      | Found a faded altar of an unknown god.
  1249 | D:2      | Noticed an eye of devastation
  1249 | D:2      | Noticed a floating eye
  1249 | D:2      | Noticed a great orb of eyes
  1305 | D:2      | XOM: silly message
  1535 | D:2      | XOM: silly message
  1545 | D:2      | Found an iron altar of Okawaru.
  1553 | D:2      | Reached XP level 4. HP: 33/35 MP: 4/4
  1701 | D:2      | Reached skill level 6 in Polearms
  1861 | D:2      | XOM: give mutations
  1861 | D:2      | Gained mutation: You are dopey. (Int -2) [Xom's mischief]
  1861 | D:2      | Gained mutation: You are very dopey. (Int -4) [Xom's
                  | mischief]
  1919 | D:2      | XOM: god gift: ring mail {god gift}
  1989 | D:3      | Noticed Sigmund
  1989 | D:3      | XOM: summons friendly ufetubus
  2194 | D:3      | Noticed Ijyb
  2201 | D:3      | XOM: potion effect (heal wounds)
  2203 | D:3      | Killed Ijyb
  2208 | D:3      | Reached XP level 5. HP: 39/41 MP: 5/5
  2214 | D:3      | Noticed Jessica
  2516 | D:3      | Killed Jessica
  2679 | D:3      | XOM: god gift: 918 gold pieces
  2778 | D:3      | Reached skill level 7 in Polearms
  2982 | D:3      | XOM: noise
  3370 | D:3      | Killed Sigmund
  3371 | D:3      | Reached skill level 8 in Polearms
  3371 | D:3      | Reached skill level 5 in Dodging
  3371 | D:3      | Reached XP level 6. HP: 41/47 MP: 6/6
  3559 | D:4      | XOM: enchant monster (bad)
  3567 | D:4      | XOM: silly message
  3578 | D:4      | Reached XP level 7. HP: 32/52 MP: 7/7
  3584 | D:4      | XOM: divination: detect items
  3703 | D:4      | Reached skill level 9 in Polearms
  4251 | D:4      | XOM: potion effect (curing)
  4253 | D:4      | Found a staircase to the Ecumenical Temple.
  4253 | D:4      | XOM: 11-stop teleportation journey
  4347 | D:4      | XOM: silly message
  4389 | D:4      | XOM: scenery: summon butterflies
  4660 | D:5      | Entered Level 5 of the Dungeon
  4683 | D:5      | Reached skill level 10 in Polearms
  4861 | D:5      | Reached XP level 8. HP: 4/58 MP: 8/8
  5494 | D:5      | XOM: divination: magic mapping
  5501 | D:5      | XOM: cast spell 'Olgreb's Toxic Radiance'
  5503 | D:5      | Killed from afar by an orc priest

Illustrated notes

Levels and vault maps discovered:
D:1:      dpeg_arrival_prison, layout_basic
D:2:      layout_basic, basic_altar, hellmonk_ecumenical_altar_watching_god,
          chequers_arboretum, minmay_distorted
D:3:      layout_rooms, uniq_jessica, uniq_ijyb, uniq_sigmund
D:4:      layout_rooms, minmay_temple_entry_grid, lemuel_flame_loot_1
D:5:      layout_loops_ring, glass_columns_c

Skill      XL: |  1  2  3  4  5  6  7 |
---------------+----------------------+-----
Dodging        | 3 4 5 7 |  7.3
Polearms       | 5 6 8 10 | 10.5
Fighting       | |  3.2
Armour         | |  0.6

Action                   |  1- 3 |  4- 6 |  7- 9 || total
-------------------------+-------+-------+-------++-------
Melee: Spear             |   141 |   132 |   108 ||   381
Throw: Dart              |       |       |    26 ||    26
       Stone             |       |       |     3 ||     3
Evoke: Piece from Xom's  |     7 |     3 |       ||    10
  Use: Scroll            |     6 |     5 |     2 ||    13
       Potion            |       |     3 |     4 ||     7
 Stab: Paralysed         |     1 |       |       ||     1
       Petrified         |       |     8 |       ||     8
Armor: Leather armour    |    34 |    30 |    20 ||    84
Dodge: Dodged            |    38 |    60 |    47 ||   145

Table legend: (Time is in decaauts)
 A = Elapsed time spent in this place.
 B = Non-inter-level travel time spent in this place.
 C = Inter-level travel time spent in this place.
 D = Time resting spent in this place.
 E = Time spent auto-exploring this place.
 F = Levels seen in this place.
 G = Mean time per level.
                   A        B        C        D        E       F      G
               +--------+--------+--------+--------+--------+-----+--------+
         Total |   5399 |   5271 |    128 |   1888 |   2368 |   5 | 1079.8 |
       Dungeon |   5399 |   5271 |    128 |   1888 |   2368 |   5 | 1079.8 |
               +--------+--------+--------+--------+--------+-----+--------+

Top non-repeatable levels by time:
     D:2: 1346 daAuts
     D:4: 1113 daAuts
     D:1: 1103 daAuts
     D:3: 1032 daAuts
     D:5: 803 daAuts
